Map: Ruins of Seras

Players

JonSnow - Winner!

  • Race: Zerg Zerg
  • League: Grandmaster

MaSa

  • Race: Terran Terran
  • League: Grandmaster

VOD

Have the link to the VOD?

Description

Time

  • Played on: Feb. 13, 2016, 7:03 p.m.
  • Length: 6:55
Show
View Real Time Build Order
Export as new Build Order

JonSnow Zerg - Winner!

Build Orders: Hatch First 

Get SALT Encoding   

  12  0:00  Drone  
  13  0:13  Overlord  
  13  0:18  Drone  
  14  0:31  Drone x2  
  14  0:35  Drone  
  17  0:55  Hatchery  
  16  0:57  Drone  
  17  1:04  Extractor  
  17  1:05  Drone  
  17  1:18  Spawning Pool  
  16  1:21  Drone  
  16  1:25  Drone  
  18  1:34  Overlord  
  18  1:39  Drone  
  19  2:05  Queen, Metabolic Boost  
  19  2:06  Queen  
  23  2:09  Zergling x2  
  23  2:14  Zergling x2  
  23  2:15  Zergling x2  
  26  2:20  Drone  
  26  2:21  Drone  
  28  2:24  Drone  
  29  2:30  Drone  
  30  2:42  Queen  
  32  2:45  Drone x3  
  32  2:50  Overlord  
  35  3:00  Extractor, Drone  
  35  3:03  Drone  
  36  3:15  Drone x8  
  44  3:29  Hatchery  
  43  3:37  Drone, Roach Warren  
  43  3:41  Drone  
  44  3:42  Overlord  
  44  3:47  Overlord  
  44  4:00  Overlord  
  44  4:01  Drone  
  44  4:02  Drone x2  
  47  4:23  Roach x9  
  67  4:24  Roach  
  67  4:29  Overlord  
  67  4:33  Overlord  
  67  4:48  Roach x3  
  67  4:49  Roach  
  72  4:57  Zergling x12  
  76  5:02  Zergling x2  
  76  5:05  Zergling x8  
  81  5:12  Zergling x4  
  83  5:14  Overlord  
  83  5:19  Ravager x4  
  87  5:23  Zergling x4  
  87  5:26  Overlord  
  89  5:32  Ravager  
  90  5:36  Zergling x12  
  90  5:41  Zergling x6  
  90  5:57  Zergling x2  
  90  6:01  Zergling x10  
  85  6:08  Zergling x8  
  80  6:11  Zergling x2  
  80  6:16  Evolution Chamber  
  67  6:19  Zergling x2  
  67  6:20  Zergling x4  
  67  6:23  Drone  
  69  6:25  Drone x3  
  69  6:30  Drone  
  67  6:39  Drone x2  
  65  6:40  Drone  
  65  6:44  Evolution Chamber  
Show
View Real Time Build Order
Export as new Build Order

MaSa Terran 

Build Orders:  

Get SALT Encoding   

  12  0:00  SCV  
  13  0:13  SCV  
  14  0:17  Supply Depot  
  14  0:25  SCV  
  15  0:39  SCV  
  15  0:40  Barracks  
  16  0:46  Refinery  
  16  0:51  SCV  
  17  1:03  SCV  
  18  1:15  SCV  
  19  1:28  Barracks Reactor  
  19  1:29  Orbital Command  
  19  1:43  Command Center  
  19  1:51  Supply Depot  
  19  1:54  SCV  
  20  2:05  Marine x2  
  20  2:06  SCV  
  23  2:15  Factory  
  23  2:18  SCV  
  24  2:23  Marine x2  
  26  2:30  SCV  
  27  2:41  Marine x2  
  27  2:42  SCV  
  27  2:44  Refinery  
  30  2:55  SCV  
  30  2:56  Orbital Command  
  31  3:03  Starport  
  31  3:07  SCV  
  31  3:08  Hellion  
  31  3:12  Hellion  
  36  3:14  Marine  
  36  3:19  SCV  
  38  3:22  Supply Depot  
  38  3:24  SCV  
  39  3:33  Hellion  
  43  3:34  Hellion  
  43  3:36  SCV  
  43  3:40  Medivac  
  46  3:44  Marine  
  47  3:51  SCV  
  47  3:52  SCV  
  47  3:53  Armory  
  49  4:00  Supply Depot  
  49  4:03  SCV  
  49  4:04  Liberator, Hellion  
  49  4:07  Hellion  
  54  4:10  Barracks Tech Lab  
  54  4:22  SCV x2  
  54  4:23  Supply Depot  
  59  4:28  Stimpack  
  61  4:31  Hellion  
  61  4:34  SCV  
  62  4:44  Marine, SCV  
  66  4:46  SCV  
  65  4:56  SCV  
  65  4:58  SCV  
  63  5:00  Barracks  
  63  5:03  Barracks  
  61  5:08  SCV  
  61  5:09  Command Center  
  61  5:10  Factory Reactor  
  61  5:11  Starport Tech Lab  
  61  5:12  SCV  
  63  5:16  Marauder  
  63  5:20  Supply Depot  
  65  5:22  Factory Tech Lab  
  65  5:24  Bunker  
  65  5:26  SCV  
  66  5:28  Supply Depot  
  66  5:29  Banshee  
  69  5:36  SCV  
  69  5:40  SCV, Marauder  
  70  5:48  SCV, Marine, Siege Tank  
  67  5:59  Marine  
  67  6:01  Marine  
  67  6:02  Marine  
  52  6:06  SCV  
  52  6:08  SCV  
  42  6:16  Marine  
  39  6:19  SCV  
  39  6:22  Barracks Tech Lab  
  37  6:28  SCV  
  33  6:36  Marine  
Tags
 
Add a new tag
Caveats
  • Supply blocks, unpowered buildings, or Contaminate may cause inaccurate times.
  • Supply counts are checked every 10 seconds.